 Dungeon Crawl Stone Soup version 0.26-b1-32-g5d43845318 (webtiles) character file.

Game seed: 1525497233922413535

810 Hugehornet the Covert (level 8, -1/46 HPs)
             Began as a Kobold Delver on Jan 12, 2021.
             Was an Initiate of Ru.
             Shot with an arrow by a centaur (16 damage)
             ... on level 5 of the Dungeon.
             The game lasted 00:09:00 (4933 turns).

Hugehornet the Covert (Kobold Delver)               Turns: 4933, Time: 00:09:01

Health: -1/46      AC:  6    Str:  9    XL:     8   Next: 15%
Magic:  8/8        EV: 14    Int: 13    God:    Ru [......]
Gold:   229        SH:  0    Dex: 17    Spells: 6/7 levels left

rFire    . . .     SeeInvis .   m - +1 dagger (venom)
rCold    . . .     Faith    .   (shield restricted)
rNeg     . . .     Spirit   .   b - +0 leather armour
rPois    .         Reflect  .   (no helmet)
rElec    .         Harm     .   B - +0 cloak
rCorr    .         Rampage  .   s - +0 pair of gloves
Will     .....                  y - +0 pair of boots
Stlth    ++++++....             (no amulet)
HPRegen  0.15/turn              (no ring)
MPRegen  0.11/turn              (no ring)

@: no status effects
A: small, nightstalker 3
a: Renounce Religion


You were on level 5 of the Dungeon.
You worshipped Ru.
Ru was noncommittal.
You visited 1 branch of the dungeon, and saw 5 of its levels.

You collected 229 gold pieces.

Inventory:

Hand Weapons
 a - a +0 short sword
 i - a +0 rapier of freezing
 m - a +1 dagger of venom (weapon)
Missiles
 u - 4 boomerangs (quivered)
 z - 2 curare-tipped darts
Armour
 b - a +0 leather armour (worn)
 k - a +2 robe of willpower
 s - a +0 pair of gloves (worn)
 y - a +0 pair of boots (worn)
 B - a +0 cloak (worn)
Wands
 g - a wand of digging (3)
 h - a wand of paralysis (9)
Scrolls
 c - 2 scrolls of fog
 d - a scroll of magic mapping
 e - a scroll of fear
 o - 3 scrolls of remove curse {unknown}
 q - 3 scrolls of identify {unknown}
 t - 2 scrolls of random uselessness {unknown}
 v - 2 scrolls of teleportation {unknown}
 x - a scroll of immolation {unknown}
 A - a scroll of blinking {unknown}
Potions
 f - a potion of berserk rage {unknown}
 j - a potion of ambrosia {unknown}
 l - a potion of degeneration {unknown}
 n - 2 potions of curing {unknown}
 p - 2 potions of brilliance {unknown}
 r - a potion of heal wounds
 w - a potion of lignification {unknown}


   Skills:
 - Level 3.2 Fighting
 + Level 7.0 Short Blades
 - Level 2.4 Dodging
 * Level 11.7 Stealth


You had 6 spell levels left.
You knew the following spells:

 Your Spells              Type           Power        Failure   Level
a - Apportation           Tloc           0%           41%         1

Your spell library contained the following spells:

 Spells                   Type           Power        Failure   Level
 Animate Skeleton         Necr           0%           41%         1
 Corona                   Hex            0%           41%         1
 Summon Small Mammal      Summ           0%           41%         1


Dungeon Overview and Level Annotations

Branches:
Dungeon (5/15)
 Temple: D:4-7

Altars:
Cheibriados
Hepliaklqana
Kikubaaqudgha
Ru


Innate Abilities, Weirdness & Mutations

You are small and have problems with some larger weapons.
You are completely attuned to the shadows.


Message History

The arrow hits you!
You hear a bark!
A jackal comes into view.
The jackal bites you but does no damage.
Found an escape hatch in the ceiling.
You closely miss the jackal.
The centaur shoots an arrow.
The arrow closely misses you. The jackal closely misses you.
You closely miss the jackal.
The centaur shoots an arrow.
The arrow misses you. The jackal closely misses you.
You closely miss the jackal. You hit the jackal but do no damage.
The jackal is poisoned.
The centaur shoots an arrow.
The arrow hits you.
A jackal comes into view.
The jackal barely misses you.
You closely miss the jackal.
The centaur shoots an arrow.
The arrow hits you. The jackal closely misses you.
The centaur shoots an arrow.
The arrow hits you!
A shadow imp comes into view.
The centaur shoots an arrow.
The arrow hits you!
You die...

.h..< ...5 #####..
...#h# ..#.#(#
#..@h###.
##.......
..c#.#####
###.#.#...##
(.#.#...<#
###.###.##
#.......#####
####..#.......#
.............###.#


You could see a centaur, a shadow imp (wandering) and 2 jackals.

Vanquished Creatures
  The ghost of Raspi the Grasshopper, an amateur SpWr of Gozag (D:3)
  A scorpion (D:4)
  A howler monkey (D:4)
  Crazy Yiuf (D:3)
  An orc priest (D:2)
  3 orc wizards
  A bullfrog skeleton (D:4)
  A centaur skeleton (D:4)
  Jessica (D:3)
  Terence (D:3)
  An iguana (D:3)
  3 worker ants
  8 gnolls
  9 adders
  2 worms (D:3)
  2 dart slugs (D:2)
  5 leopard geckos
  19 orcs
  3 ball pythons
  2 giant cockroaches
  6 goblins
  9 hobgoblins
  3 jackals
  7 kobolds
  12 bats
  2 frilled lizards
  A quokka skeleton (D:4)
  10 rats
116 creatures vanquished.

Notes
Turn   | Place    | Note
-------+----------+-------------------------------------------
     0 | D:5      | Hugehornet the Kobold Delver began the quest for the Orb.
     0 | D:5      | Reached XP level 1. HP: 14/14 MP: 1/1
   171 | D:4      | Noticed a worker ant
   175 | D:4      | Killed a worker ant
   176 | D:4      | Reached skill level 7 in Stealth
   176 | D:4      | Reached XP level 2. HP: 19/19 MP: 2/2
   176 | D:4      | Reached XP level 3. HP: 23/23 MP: 3/3
   225 | D:4      | Reached skill level 8 in Stealth
   225 | D:4      | Reached XP level 4. HP: 28/28 MP: 4/4
   253 | D:4      | Reached XP level 5. HP: 32/32 MP: 5/5
   269 | D:4      | Noticed an ogre
   383 | D:4      | Reached skill level 9 in Stealth
   587 | D:3      | Noticed Jessica
   605 | D:3      | Killed Jessica
   606 | D:3      | Reached skill level 5 in Short Blades
   606 | D:3      | Reached XP level 6. HP: 17/37 MP: 6/6
   873 | D:3      | Noticed Terence
   878 | D:3      | Killed Terence
   886 | D:3      | Found a runed translucent gate.
   886 | D:3      | Found a runed translucent gate.
   886 | D:3      | Found a runed translucent gate.
  1376 | D:2      | Reached skill level 10 in Stealth
  1751 | D:1      | Learned a level 1 spell: Apportation
  2149 | D:2      | Reached XP level 7. HP: 41/41 MP: 7/7
  3109 | D:2      | Found a hazy altar of Hepliaklqana.
  3254 | D:3      | Reached skill level 11 in Stealth
  3517 | D:3      | Found a runed translucent door.
  3520 | D:3      | Noticed Crazy Yiuf
  3809 | D:3      | Noticed Raspi's ghost (amateur SpWr)
  3813 | D:3      | Killed Raspi's ghost
  3911 | D:3      | Killed Crazy Yiuf
  3912 | D:3      | Reached XP level 8. HP: 46/46 MP: 8/8
  3994 | D:4      | Found a sacrificial altar of Ru.
  4328 | D:4      | Became a worshipper of Ru the Awakened
  4639 | D:4      | Found a snail-covered altar of Cheibriados.
  4639 | D:4      | Found an ancient bone altar of Kikubaaqudgha.
  4933 | D:5      | Shot with an arrow by a centaur

Illustrated notes

Levels and vault maps discovered:
D:1:      giann_bridges, layout_rooms
D:2:      cheibrodos_pilgrimage, layout_rooms, nzn_hepliaklqana_mist_gate,
          serial_glass, glass_columns_b, glass_columns_b, grunt_ministairs_2,
          chequers_decorated_corner, minmay_stone_trees_small,
          corexii_leaking_fountain
D:3:      layout_loops_corners, ebering_ghost_rock_garden, uniq_jessica,
          uniq_terence, uniq_crazy_yiuf_cottage
D:4:      layout_loops_corners, gammafunk_temple_overflow_elements,
          palyth_stone_intersect, hangedman_ru_absence
D:5:      kennysheep_six_static_rooms, layout_basic,
          nicolae_qazlal_general_emergency, uniq_ijyb

Skill      XL: |  1  2  3  4  5  6  7  8 |
---------------+-------------------------+-----
Short Blades   | 3 4 5 6 7 |  7.0
Stealth        | 7 8 9 10 11 | 11.7
Fighting       | |  3.2
Dodging        | |  2.4

Action                   |  1- 3 |  4- 6 |  7- 9 || total
-------------------------+-------+-------+-------++-------
Melee: Short sword       |     7 |       |       ||     7
       Rapier            |     2 |    42 |       ||    44
       Dagger            |       |    78 |   196 ||   274
  Use: Potion            |       |     1 |     2 ||     3
 Stab: Sleeping          |     4 |    29 |    19 ||    52
Armor: Leather armour    |     1 |     8 |    38 ||    47
Dodge: Dodged            |     3 |    55 |   149 ||   207
